[Event "37th ECCC 2022"]
[Site "Mayrhofen"]
[Date "2022.10.06"]
[Round "4.40"]
[White "Ondersteijn, Niels"]
[Black "Postny, Evgeny"]
[Result "0-1"]
[ECO "E15"]
[WhiteElo "2382"]
[BlackElo "2573"]
[Annotator "TA"]
[PlyCount "114"]
[EventDate "2022.10.03"]
[EventType "team-tourn"]
[EventCountry "AUT"]
[SourceTitle "playchess.com"]
[Source "ChessBase"]
[SourceQuality "1"]
[TimeControl "40/5400+30:1800+30"]

1. d4 Nf6 2. c4 e6 3. Nf3 b6 4. g3 Bb4+ 5. Bd2 Bxd2+ 6. Qxd2 Ba6 7. b3 d5 8. cxd5 {[%emt 0:04:30] E15: Queen's Indian: 4 g3 sidelines, 4 g3 Ba6 and 4 g3 Bb7 early deviations.} Ne4 {[%emt 0:02:12] is the legacy move (8...exd5).} 9. Qc2 exd5 10. Bg2 {[%emt 0:03:50] White has an edge.} O-O 11. O-O c5 12. Nc3 Nxc3 13. Qxc3 Bxe2 14. Rfe1 Bxf3 15. Qxf3 {[%emt 0:09:22] [#]} Na6 $146 ({Predecessor:} 15... Nd7 16. Qxd5 Rc8 17. Rad1 cxd4 18. Qxd4 Nf6 19. Qb4 Qc7 20. Re7 Qc2 21. Qd2 a5 {1-0 (61) Ding,L (2766)-Tomashevsky,E (2728) Huaian 2016}) 16. dxc5 (16. Qxd5 $16 {Black must now prevent Qc4.} Rb8 17. Rad1) 16... Nxc5 $11 17. Qxd5 Rc8 18. Rad1 {[%emt 0:03:18] Threatening b4.} Qf6 19. Qd4 Qxd4 20. Rxd4 Rc7 {[%emt 0:00:45] Inhibits Re7.} 21. h4 g6 22. Red1 Kg7 23. Bf1 Re8 24. b4 Ne6 25. Rd6 Nf8 26. a4 Re4 27. R6d4 Rxd4 28. Rxd4 {[%emt 0:00:02][%mdl 4096] Endgame KRB-KRN} Ne6 29. Rd6 Kf6 30. Rd5 Ke7 31. Bb5 {[%emt 0:01:42] Against Rd7} Rc1+ 32. Bf1 (32. Kg2 $11 {remains equal.}) 32... Rb1 $17 33. b5 Ra1 34. h5 Rxa4 {[%emt 0:01:03] Black is more active.} 35. Bh3 (35. hxg6 $17 {was necessary.} hxg6 36. Rd1) 35... f5 (35... Ra1+ $19 36. Bf1 Nc7) 36. Rd1 Rd4 37. Ra1 Rd7 ({But not} 37... gxh5 $6 38. Rxa7+ Kf6 39. Rxh7 $11) 38. Bf1 gxh5 39. Bc4 Rc7 40. Be2 Nd4 41. Bd3 Kf6 42. Kg2 h4 43. Ra4 Ke5 44. gxh4 Ne6 {[%emt 0:05:51] [#] aiming for ...Nf4+.} 45. Kh2 Nc5 46. Rc4 Rd7 47. f4+ Ke6 48. Bf1 Rd2+ 49. Kg1 (49. Kh3 $17) 49... Kd5 $19 50. Rc1 Ke4 51. Bh3 Kxf4 {[%emt 0:03:42] [#] Threatens to win with ...Nd3.} 52. Rf1+ Kg3 53. Bxf5 Rg2+ {[%emt 0:01:34] Black is clearly better.} ({Inferior is} 53... Kxh4 54. Bxh7 Kg3 55. Re1 $17) 54. Kh1 Rh2+ 55. Kg1 Rxh4 56. Re1 h6 57. Bc2 Rc4 {[%emt 0:02:01] Weighted Error Value: White=0.14 (very precise) /Black=0.05 (flawless)} 0-1

[Event "37th ECCC 2022"]
[Site "Mayrhofen"]
[Date "2022.10.06"]
[Round "4.41"]
[White "Huzman, Alexander"]
[Black "Okkes, Menno"]
[Result "1-0"]
[ECO "D78"]
[WhiteElo "2535"]
[BlackElo "2328"]
[Annotator "TA"]
[PlyCount "81"]
[EventDate "2022.10.03"]
[EventType "team-tourn"]
[EventCountry "AUT"]
[SourceTitle "playchess.com"]
[Source "ChessBase"]
[SourceQuality "1"]
[TimeControl "40/5400+30:1800+30"]

1. Nf3 d5 2. g3 g6 3. Bg2 Bg7 4. d4 Nf6 5. O-O O-O 6. c4 c6 {[%emt 0:00:04] 6...c6 is better than 6...dxc4.} 7. Qa4 Nfd7 {[%emt 0:20:45] D78: Fianchetto Grünfeld: 6 0-0 c6.} 8. cxd5 cxd5 9. Nc3 Nb6 {[%emt 0:00:12] The position is equal.} 10. Qd1 Nc6 11. Bf4 Be6 12. b3 Qd7 {[%emt 0:05:00] [#]} 13. Re1 $146 ({Predecessor:} 13. Qd2 Rac8 14. Rac1 Rfd8 15. Rfd1 f6 16. Bh6 Bh8 17. h4 Bf7 18. Kh2 e6 19. e4 dxe4 20. Nxe4 {1-0 (52) Stein,R (2287)-To,N (2363) Budapest 2019}) 13... Bh3 14. Bh1 Bg4 15. Ne5 $1 Nxe5 16. dxe5 Rfd8 17. Qd4 Rac8 (17... Qf5 $1 $11) 18. Rac1 $14 Qe6 19. h4 ({Better is} 19. Nb5 $14) 19... f6 $11 20. exf6 Qxf6 21. Qxf6 Bxf6 22. Bd2 Kg7 23. a4 Rc5 {[%emt 0:04:08] [#]} (23... e6 $14 {might be stronger.}) 24. e4 ({White should try} 24. Nb5 $1 $16 Rxc1 25. Rxc1) 24... dxe4 25. Nxe4 Rxc1 26. Rxc1 Be5 (26... Bd4 $11) 27. Be3 $14 Rd1+ (27... Nc8 $14) 28. Rxd1 $16 Bxd1 29. Nc5 Nc8 $2 {[%emt 0:02:21] [#] A mistake that costs the game.} (29... Bc3 $16 {was called for.} 30. Bxb7 Kf7) 30. Bxb7 $18 Nd6 31. Bd5 a5 32. Bd2 {[%emt 0:00:56] Inhibits Bc3.} Nf5 33. Bxa5 {[%emt 0:03:05] White is clearly winning.} Nd4 34. Ne6+ Nxe6 35. Bxe6 {[%emt 0:00:31][%mdl 4096] Endgame KBB-KBB} Bf3 36. Bd2 Kf6 37. Bc4 Bd6 (37... e6 $142 38. Bg5+ Kf7) 38. a5 e5 39. b4 Ke7 40. b5 Kd7 41. Be3 {[%emt 0:30:40] Weighted Error Value: White=0.15 (very precise) /Black=0.30} 1-0

[Event "37th ECCC 2022"]
[Site "Mayrhofen"]
[Date "2022.10.06"]
[Round "4.42"]
[White "Rademakers, Evert"]
[Black "Kobo, Ori"]
[Result "0-1"]
[ECO "D35"]
[WhiteElo "2272"]
[BlackElo "2544"]
[Annotator "TA"]
[PlyCount "94"]
[EventDate "2022.10.03"]
[EventType "team-tourn"]
[EventCountry "AUT"]
[SourceTitle "playchess.com"]
[Source "ChessBase"]
[SourceQuality "1"]
[TimeControl "40/5400+30:1800+30"]

1. d4 d5 2. c4 e6 3. Nc3 Nf6 4. cxd5 exd5 5. Bg5 c6 6. e3 Be6 {[%emt 0:01:32] 6...Bd6 is a critical line. D35: Queen's Gambit Declined: Exchange Variation.} 7. Bd3 Nbd7 8. Nge2 h6 {[%emt 0:00:20] The position is equal.} 9. Bf4 g5 10. Bg3 Nh5 11. h4 Nxg3 12. Nxg3 gxh4 13. Nf5 {[%emt 0:03:03] [#]} Bxf5 $146 ({Predecessor:} 13... Qg5 14. Nxh4 O-O-O 15. Qc2 Kb8 16. O-O-O c5 17. f4 Qg3 18. f5 Qxe3+ 19. Kb1 cxd4 20. fxe6 fxe6 {1-0 (110) Donchenko,A (2636)-Andreikin,D (2724) Chess.com INT 2022}) 14. Bxf5 Nb6 15. Qe2 Qg5 16. e4 Bb4 17. O-O $1 ({Much worse is} 17. exd5+ Kf8 18. Qf3 (18. Qe5 $2 Re8 $19) 18... Nxd5 $17) 17... Kf8 18. Bh3 Qf4 {[%emt 0:11:38] And now ...Re8 would win.} 19. Kh1 ({White should play} 19. Rfe1 $15) 19... dxe4 20. Qxe4 Qxe4 21. Nxe4 Kg7 22. a3 Be7 23. Rfe1 Rhe8 24. Bg4 Rad8 25. Nc5 Bxc5 26. dxc5 Nc4 27. b4 (27. Rxe8 $17 {might work better.} Rxe8 28. b3) 27... Ne5 ({Black should try} 27... Rxe1+ $19 28. Rxe1 Nxa3) 28. Re4 $15 Nd3 {[%emt 0:02:34][%csl LRe4,LRf2] Prevents Rae1.} 29. Rxe8 Rxe8 {[%emt 0:00:07][%mdl 4096] Endgame KRB-KRN} 30. Kg1 Ne5 {[%emt 0:04:04] Black is more active.} 31. Be2 Rd8 32. Re1 Kf6 33. Bf1 Rd4 {[%emt 0:01:20][%cal Oh4h3] Against Re4} 34. Be2 (34. Re3 $17 {was necessary.}) 34... Rd2 $19 35. Bf1 Rd4 {[%emt 0:04:00] Inhibits Re4.} 36. Be2 $1 Rd2 37. Bf1 Ra2 38. Re4 h3 ({Weaker is} 38... Rxa3 39. Rxh4 a5 40. bxa5 $17) 39. gxh3 Rxa3 40. Kg2 Rb3 41. Rf4+ Kg5 42. Rd4 Ng6 {[%emt 0:02:52] Prevents f4+.} 43. b5 Nh4+ 44. Kh1 Rb1 45. Rg4+ Kh5 46. Rg1 {[%emt 0:02:20] [#]} (46. Kg1) 46... Nf3 47. Be2 Rxg1# {Weighted Error Value: White=0.47/Black=0.15 (very precise)} 0-1

[Event "37th ECCC 2022"]
[Site "Mayrhofen"]
[Date "2022.10.06"]
[Round "4.43"]
[White "Tabatabaei, M. Amin"]
[Black "Naumann, Alexander"]
[Result "1-0"]
[ECO "A05"]
[WhiteElo "2657"]
[BlackElo "2513"]
[Annotator "TA"]
[PlyCount "113"]
[EventDate "2022.10.03"]
[EventType "team-tourn"]
[EventCountry "AUT"]
[SourceTitle "playchess.com"]
[Source "ChessBase"]
[SourceQuality "1"]
[TimeControl "40/5400+30:1800+30"]

1. Nf3 Nf6 2. c4 g6 3. Nc3 Bg7 4. e4 e5 5. Nxe5 O-O 6. Nf3 {[%emt 0:01:47] A16: English Opening: 1...Nf6 with ...d5.} Re8 7. Bd3 Nxe4 8. O-O {[%emt 0:08:09] [#] The position is equal.} Nf6 $146 ({Predecessor:} 8... Nxc3 9. dxc3 d6 10. h3 Nc6 11. Bg5 Bf6 12. Be3 b6 13. Re1 Bb7 14. Bf1 Ne5 15. Nxe5 Bxe5 {½-½ (45) Ioannidis,E (2486)-Krstulovic,A (2411) Vrnjacka Banja 2022}) 9. Bc2 d5 10. cxd5 Nxd5 11. d4 c6 12. Bg5 Qd6 13. Bh4 Nxc3 14. bxc3 Be6 15. Bg3 Qa3 16. Bb3 Nd7 17. Bxe6 Rxe6 18. d5 cxd5 19. Qxd5 Nb6 20. Qxb7 Re7 21. Qc6 {[%emt 0:00:08] Black must now prevent Bd6.} Rc8 (21... Bxc3 $2 22. Bd6 Bb4 23. Bxe7 Bxe7 24. Ne5 $18) 22. Qb5 (22. Qd6 $11 {deserves consideration.} Qxd6 23. Bxd6) 22... Qxc3 (22... Rxc3 $2 23. Rad1 Rb7 24. Rd8+ Bf8 25. Be5 $18) (22... Bxc3 $15 23. Rac1 Qxa2) 23. Rae1 $11 Rxe1 24. Rxe1 Qc6 25. Qxc6 (25. Qb3 {keeps more tension.} a5 26. Ne5 Qd5 27. h3) 25... Rxc6 26. Re8+ Bf8 27. Bf4 Rc8 28. Rxc8 Nxc8 {[%emt 0:00:01][%mdl 4096] Endgame KBN-KBN} 29. Kf1 Nb6 30. Ke2 Nd5 31. Be5 Bc5 32. Nd2 f6 33. Ne4 fxe5 34. Nxc5 {[%emt 0:00:06] KN-KN} Nc3+ 35. Kd2 Nd5 (35... Nxa2 $11 36. Kd3 (36. Nd7 Kf7 $11) 36... Kf7) 36. Nd3 e4 37. Nc5 Kf7 38. Nxe4 h6 (38... Ke6 $16 39. Ng5+ Kf5) 39. Nc3 $18 Nf6 40. Kd3 Ke6 41. f3 {[%emt 0:33:43] Inhibits Ng4.} Ke5 (41... Ne8 $142 42. Kd4 h5) 42. a4 g5 43. g3 h5 $2 (43... Nd7 {was worth a try.} 44. Kc4 a6) 44. a5 Nd7 {[%emt 0:00:00] [#]} 45. Kc4 $1 a6 46. Nd5 $2 (46. Ne2 $18) 46... Kd6 $16 47. f4 {[%emt 0:00:00] Inhibits Ne5+.} gxf4 {[%emt 0:00:00][%mdl 8192] Loses the game.} (47... h4 $16) 48. Nxf4 $18 Ne5+ {[%emt 0:00:00] [#]} 49. Kb4 $1 Ng4 50. h3 Nf6 51. Kc4 Kc6 52. h4 Kd6 53. Kd4 Kc6 54. Ke5 {[%emt 0:00:00] White mates.} Ng4+ 55. Ke6 Kb5 56. Nxh5 Kxa5 57. Nf6 {[%emt 0:00:00] Weighted Error Value: White=0.13 (very precise) /Black=0.32} 1-0

[Event "37th ECCC 2022"]
[Site "Mayrhofen"]
[Date "2022.10.06"]
[Round "4.44"]
[White "Roseneck, Jonas"]
[Black "Huschenbeth, Niclas"]
[Result "0-1"]
[ECO "D26"]
[WhiteElo "2414"]
[BlackElo "2593"]
[Annotator "TA"]
[PlyCount "116"]
[EventDate "2022.10.03"]
[EventType "team-tourn"]
[EventCountry "AUT"]
[SourceTitle "playchess.com"]
[Source "ChessBase"]
[SourceQuality "1"]
[TimeControl "40/5400+30:1800+30"]

1. d4 d5 2. c4 dxc4 3. Nf3 Nf6 4. e3 e6 5. Bxc4 c5 6. O-O Nc6 7. dxc5 Qxd1 8. Rxd1 Bxc5 9. b3 a6 10. Bb2 b5 11. Be2 Bb7 12. Nbd2 {[%emt 0:02:39] D27: Queen's Gambit Accepted: Classical main line: 7 e4!? and 7 a4.} Be7 13. a4 bxa4 14. bxa4 {[%emt 0:08:46] White is slightly better.} O-O 15. Rab1 {[%emt 0:05:27] [#] Bxf6 is the strong threat.} Nb4 $146 ({Predecessor:} 15... Rab8 16. Ne5 Rfc8 17. Ndc4 Ba8 18. a5 Nxe5 19. Bxe5 Rxb1 20. Rxb1 Be4 21. Ra1 Rd8 {1-0 (71) Mikhalevski,V (2581)-Xu,X (2567) Chess.com INT 2019}) 16. Bxf6 gxf6 17. Nd4 Rfc8 18. Bf3 Bxf3 19. N2xf3 Rc7 20. Rdc1 Rac8 21. Rxc7 Rxc7 22. g4 h5 23. h3 hxg4 24. hxg4 Kg7 25. Kf1 Nd5 26. Nd2 Bb4 27. Ne4 a5 28. Kg2 Nb6 29. Ra1 Rc4 30. Kf3 Be7 31. Nb3 Nd7 32. Ned2 Rc2 33. Rc1 Rb2 34. Ke2 (34. Rb1 $1 $11 Rxb1 35. Nxb1) 34... Bb4 $17 35. Rb1 (35. Rc6 $142) 35... Ra2 36. Ra1 {[%emt 0:00:38] [#]} Rxa1 {[%emt 0:01:25] Black is more active.} 37. Nxa1 {[%emt 0:00:01][%mdl 4096] Endgame [#] KBN-KNN} Nb6 $1 38. Ndb3 Nxa4 39. Nc2 Nb2 (39... Nc5 $17 40. Nbd4 Bc3) 40. Nxb4 $15 axb4 {[%emt 0:00:03] KN-KN} 41. Na5 Na4 $1 42. Kd3 Nc3 43. f3 Kg6 (43... Kh6 $15) 44. e4 (44. Nc6 $11 {remains equal.}) 44... Kg5 {[%emt 0:01:47] Strongly threatening ...Kf4.} 45. Nc6 $1 Kf4 46. Nxb4 Nb5 47. Kc4 Na7 48. Kc5 $2 {[%emt 0:01:49][%mdl 8192] White does not recover from this.} (48. e5 $15) 48... Kxf3 $19 49. Kb6 {[%emt 0:02:39] [#]} Kxe4 $1 {[%emt 0:03:47][%cal Of6f5] White must now prevent ...f5!} 50. Kxa7 (50. Kc5 Nc8) 50... f5 {[%emt 0:00:06] Black mates.} 51. gxf5 exf5 {[%emt 0:00:01][%cal Be6f5,Bf5f4,Bf4f3,Bf3f2][%mdl 32] KN-KPP} 52. Na2 f4 53. Nc3+ Kd3 54. Nd1 Ke2 55. Nc3+ Ke1 56. Kb6 f3 57. Ne4 f2 58. Ng3 f5 {[%emt 0:00:14] Weighted Error Value: White=0.33/Black=0.05 (flawless)} 0-1

[Event "37th ECCC 2022"]
[Site "Mayrhofen"]
[Date "2022.10.06"]
[Round "4.45"]
[White "Bogner, Sebastian"]
[Black "Halvax, Georg"]
[Result "1-0"]
[ECO "E06"]
[WhiteElo "2548"]
[BlackElo "2432"]
[Annotator "TA"]
[PlyCount "115"]
[EventDate "2022.10.03"]
[EventType "team-tourn"]
[EventCountry "AUT"]
[SourceTitle "playchess.com"]
[Source "ChessBase"]
[SourceQuality "1"]
[TimeControl "40/5400+30:1800+30"]

1. d4 d5 2. c4 e6 3. Nf3 Nf6 4. g3 Be7 5. Bg2 O-O 6. Nc3 a6 {[%emt 0:08:01] E06: Closed Catalan: Early deviations.} 7. O-O Nc6 8. Ne5 Na5 {[%emt 0:09:01] White is slightly better.} 9. cxd5 exd5 10. b3 {[%emt 0:08:09] [#] White is more active.} b5 $146 ({Predecessor:} 10... c6 11. Qc2 Qb6 12. Rd1 Re8 13. Rb1 Bd6 14. b4 Nc4 15. Nxc4 dxc4 16. e4 Bf8 {1-0 (40) Tran,N (2182)-Le,H Dalat City 2005}) 11. Bb2 Bb7 12. Rc1 Qd6 13. Nd3 Nc6 ({Better is} 13... Rad8) 14. Nc5 $16 Bc8 (14... Nd8 $16 {is a better defense.} 15. e4 dxe4 16. Nxb7 (16. N3xe4 Bxe4 17. Nxe4 Nxe4 $16) (16. N5xe4 Bxe4 17. Nxe4 Nxe4 $16) 16... Nxb7 17. Nxe4 Nxe4) 15. e4 $18 Bg4 16. f3 Bh5 17. e5 Nxe5 18. dxe5 Qxe5 19. Nd3 Qd6 20. Nf4 Rad8 21. Nxh5 Nxh5 22. f4 Nf6 23. Kh1 d4 (23... c5 $142 24. Re1 Rfe8) 24. Ne4 Nxe4 25. Bxe4 c5 26. Bd3 Qb6 27. Re1 Rfe8 28. Qc2 {[%emt 0:04:24] Against c4} (28. Qh5 g6 29. Qe2 Bf8) 28... g6 29. Re4 Bf8 30. Rce1 (30. Re2 $142) 30... Rxe4 $16 31. Rxe4 (31. Bxe4 c4 $14) 31... Rc8 $2 {[%emt 0:03:31] Loses the game.} (31... Qc6 $16 32. Kg1 Rc8) 32. Bxd4 $18 Qb7 33. Bf6 Qc6 34. Bb2 {[%emt 0:00:22] Hoping for Qc3.} Bg7 35. Bxg7 f5 36. Bb2 {[%emt 0:00:40][%cal Oc2c3] [#] Threatening mate with Qc3!} fxe4 37. Bxe4 {[%emt 0:00:04] A strong pair of Bishops.} Qd7 38. Bf3 Rd8 39. Qe4 {[%emt 0:01:57] Threatens to win with Qe5.} (39. Qxc5 Qd3 40. Bg4 Qe4+ 41. Kg1 Qe1+ 42. Kg2 Rd2+ 43. Kh3 Rxb2 $11) 39... Qf5 40. Qe2 {[%emt 0:00:43] Against Rd1+} Kf7 41. Kg2 ({Much less strong is} 41. Bg4 Qd5+ 42. Kg1 h5) 41... Qd3 {[%emt 0:02:45] [#] aiming for ...Qxe2+.} 42. Kf2 ({Less strong is} 42. Qe5 Qc2+ 43. Kh3 (43. Be2 Rd2 $11) 43... Qf5+ 44. Qxf5+ gxf5 $16) 42... Qd2 43. Kf1 Qd6 44. Qe3 c4 $2 (44... Qd3+ 45. Qxd3 Rxd3) 45. bxc4 bxc4 46. Qc3 {[%emt 0:00:54] Black must now prevent Qg7+.} Qd3+ 47. Be2 Qxc3 48. Bxc3 Rc8 49. Ke1 Rc7 50. Be5 {[%emt 0:01:14] White is clearly winning.} Rc5 51. Bd4 Rc7 52. Kd2 Ke6 53. Kc3 Kd5 54. Bf3+ Ke6 55. Be4 Rc8 56. Bb7 Rc7 57. Bxa6 Kd5 58. a4 {[%emt 0:00:30] Weighted Error Value: White=0.15 (very precise) /Black=0.29 (precise)} 1-0

[Event "37th ECCC 2022"]
[Site "Mayrhofen"]
[Date "2022.10.06"]
[Round "4.46"]
[White "Michalczak, Thomas"]
[Black "Johansson, Linus"]
[Result "0-1"]
[ECO "C11"]
[WhiteElo "2254"]
[BlackElo "2461"]
[Annotator "TA"]
[PlyCount "70"]
[EventDate "2022.10.03"]
[EventType "team-tourn"]
[EventCountry "AUT"]
[SourceTitle "playchess.com"]
[Source "ChessBase"]
[SourceQuality "1"]
[TimeControl "40/5400+30:1800+30"]

1. e4 e6 2. d4 d5 3. Nc3 Nf6 4. e5 Nfd7 5. f4 c5 6. Nf3 Nc6 7. Be3 Be7 8. a3 {[%emt 0:00:06] C11: French: Classical System: 4 e5 and 4 Bg5 dxe4.} O-O 9. dxc5 Nxc5 10. Be2 {[%emt 0:00:09] The position is equal.} a6 11. O-O b5 12. Kh1 Qc7 {[%emt 0:04:32] [#]} 13. f5 $146 (13. Qe1 {might be stronger.}) ({Predecessor:} 13. Nd4 Nxd4 14. Bxd4 f6 15. Rf3 fxe5 16. Bxe5 Bd6 17. Nxd5 exd5 18. Qxd5+ Be6 19. Qxd6 Qxd6 20. Bxd6 {1-0 (38) Jakab,B (2164)-Brnusak,A (1830) Liptovsky Mikulas 2017}) 13... Nxe5 $11 {[%emt 0:06:54] next ...Ng4 is good for Black.} 14. Nxe5 (14. Bf4 $5 Bd6 15. fxe6 Bxe6 16. Nxd5 Bxd5 17. Qxd5 $11) 14... Qxe5 15. Bd4 Qc7 (15... Qd6 $17 {keeps the pressure on.}) 16. f6 $1 $16 gxf6 17. Qd2 f5 18. Qh6 (18. Rf3 $1 $16 f4 19. Rxf4) 18... f6 $11 {[%emt 0:00:18] With the idea ...Rf7.} 19. Rf3 {[%emt 0:03:15] Rg3+ is the strong threat.} Bd6 {[%emt 0:02:01] Inhibits Rg3+. White must now prevent ...Qg7.} (19... Rf7 $2 20. Rg3+ Qxg3 21. hxg3 $18) 20. g4 $2 {[%emt 0:11:21] [#] White is on the road to losing.} (20. Bxf6 $11 {and White stays safe.} Qf7 21. Bd4) 20... f4 (20... e5 $1 $19 21. Nxd5 Qf7) 21. g5 {[%emt 0:01:29] [#]} ({White has to play} 21. Bxf6 $15 Rxf6 22. Qxf6) 21... Qg7 $1 $17 22. Qh4 (22. Qxg7+ $17 Kxg7 23. gxf6+ Kh8 24. Bxc5 Bxc5 25. Rxf4) 22... e5 $19 (22... Qxg5 23. Rg1 Qxg1+ 24. Bxg1 $18) (22... fxg5 23. Bxg7 gxh4 24. Rg1 $17) 23. gxf6 Qxf6 {[%emt 0:00:42] Really sharp!} ({Stronger than} 23... Rxf6 24. Rg1 Rg6 25. Rxg6 (25. Bxc5 $2 Rxg1+ 26. Bxg1 Bb7 $19) 25... Qxg6 26. Bxc5 Bxc5 27. Qd8+ Kg7 28. Qc7+ Kh8 29. Qxe5+ (29. Qxc5 Bb7 $17) 29... Qg7 30. Qxg7+ Kxg7 31. Rxf4 $17) 24. Rg1+ $2 (24. Qxf6 Rxf6 25. Bxc5 Bxc5 26. Rd3) 24... Kh8 {[%emt 0:00:24] Black is clearly winning.} 25. Qxf6+ Rxf6 26. Nxd5 Rf7 27. Bxc5 Bxc5 28. Rg5 Rf5 29. Rxf5 Bxf5 {[%emt 0:00:06] This bishop pair is nice.} 30. Bd3 (30. Nc3 $142 Rg8 31. h3) 30... e4 31. Rxf4 exd3 32. Rxf5 dxc2 33. Rf1 Rd8 34. Nc3 Be3 35. Ne2 Rd1 {[%emt 0:00:11] Weighted Error Value: White=0.69/Black=0.33} 0-1

[Event "37th ECCC 2022"]
[Site "Mayrhofen"]
[Date "2022.10.06"]
[Round "4.47"]
[White "Fedorovsky, Michael"]
[Black "Berg, Michael"]
[Result "1-0"]
[ECO "D12"]
[WhiteElo "2410"]
[BlackElo "2313"]
[Annotator "TA"]
[PlyCount "115"]
[EventDate "2022.10.03"]
[EventType "team-tourn"]
[EventCountry "AUT"]
[SourceTitle "playchess.com"]
[Source "ChessBase"]
[SourceQuality "1"]
[TimeControl "40/5400+30:1800+30"]

1. d4 d5 2. c4 c6 3. Nf3 Nf6 4. e3 Bf5 5. Nc3 e6 6. Nh4 Be4 7. f3 Bg6 {[%emt 0:00:32] D12: Slav Defence: 3 Nf3 Nf6 4 e3 Bf5.} 8. Bd2 Be7 9. g3 c5 {[%emt 0:20:02] The position is equal.} 10. dxc5 {[%emt 0:14:53] [#]} Bxc5 $146 ({Predecessor:} 10... dxc4 11. Nxg6 hxg6 12. Bxc4 Bxc5 13. O-O a6 14. Qe2 Nc6 15. Rfd1 Ne5 16. Bb3 g5 {½-½ (58) Husak,J (2061)-Pavlicek,M (2252) ICCF email 2013}) 11. cxd5 exd5 12. Qb3 O-O $1 13. Nxg6 hxg6 14. Na4 Bd6 15. Kf2 Nc6 16. Rc1 Qe7 17. Be2 Rfe8 18. Rhe1 g5 19. Kg2 Rad8 20. Nc3 a6 (20... d4 $6 21. exd4 Nxd4 22. Qd1 $15) 21. Qa4 ({Don't blunder} 21. Nxd5 $2 Nxd5 22. e4 (22. Qxd5 $2 Bb8 $19) 22... Nd4 $1 $19) 21... g4 (21... Bb4 $17) 22. fxg4 $11 Qe6 23. g5 Ne4 (23... Nd7 $11) 24. Nxe4 $16 dxe4 25. Bc3 Qf5 {[%emt 0:05:48] [#]} (25... Qg6 $142) 26. h4 $1 Ne5 27. Rf1 {[%emt 0:00:11] Prevents Nf3. Really sharp!} Qg6 28. Bxe5 {[%emt 0:01:54] White is more active.} Bxe5 29. Rcd1 {[%emt 0:00:08] Black must now prevent Rxd8.} b5 30. Qb3 Rxd1 31. Rxd1 Qe6 {[%emt 0:00:54] Prevents Bg4.} 32. Qxe6 Rxe6 {[%emt 0:00:02][%mdl 4096] Endgame KRB-KRB} 33. Rd2 Rd6 34. Rxd6 Bxd6 {[%emt 0:00:01] KB-KB} 35. Bg4 Be5 36. b3 f6 37. gxf6 Bxf6 38. Bf5 Kf7 39. Bxe4 Ke6 40. Kf3 Ke5 (40... b4 $16 41. Bb7 a5) 41. b4 $18 {[%emt 0:09:42] Bb7 is the strong threat.} Be7 42. Bb7 Kd6 $2 (42... g5 {was necessary.} 43. h5 Bxb4 44. Bxa6 Kf6 45. Bxb5 Bf8) 43. Bxa6 Kc6 (43... Kd5 $142 44. Bxb5 Bxb4) 44. Ke4 Bxb4 $2 (44... g6 45. a3 Bf6) 45. h5 {[%emt 0:00:49][%cal Oa6b5] Threatens to win with Bxb5+!} Kb6 {[%emt 0:01:39] [#]} 46. Bxb5 $1 {[%emt 0:04:43][%cal Og3g4][%mdl 512] White wants to mate with g4!} Kxb5 {[%emt 0:00:19] KB-KP} (46... Kb7 47. Kd5) 47. Kd5 {[%emt 0:00:02] White mates.} Kb6 48. Ke6 Kc6 49. g4 Bc3 50. a4 Kc5 51. e4 Kd4 52. Kf5 Kc5 53. g5 Kd6 54. h6 gxh6 55. gxh6 Ke7 56. e5 Kf7 57. e6+ Kf8 58. h7 {[%emt 0:00:41] Weighted Error Value: White=0.06 (flawless) /Black=0.41} 1-0

[Event "37th ECCC 2022"]
[Site "Mayrhofen"]
[Date "2022.10.06"]
[Round "4.48"]
[White "Wickenfeld, Stefan"]
[Black "Rafiee, Makan"]
[Result "1-0"]
[ECO "C50"]
[WhiteElo "2173"]
[BlackElo "2316"]
[Annotator "TA"]
[PlyCount "79"]
[EventDate "2022.10.03"]
[EventType "team-tourn"]
[EventCountry "AUT"]
[SourceTitle "playchess.com"]
[Source "ChessBase"]
[SourceQuality "1"]
[TimeControl "40/5400+30:1800+30"]

1. e4 e5 2. Nf3 Nc6 3. Bc4 Nf6 4. d3 Bc5 5. c3 d6 6. h3 h6 7. Nbd2 a6 8. Bb3 O-O 9. O-O Ba7 10. Re1 Ne7 {[%emt 0:01:46] 10...Re8 is becoming the main line.} 11. Nf1 Ng6 12. Ng3 Be6 {[%emt 0:17:15] C54: Giuoco Piano: 4 c3 Nf6, main lines with 5 d4 and 5 d3.} 13. Bxe6 fxe6 14. Qb3 Qd7 {[%emt 0:00:22] The position is equal.} 15. d4 Kh7 16. Be3 ({But not} 16. Qxb7 $2 Bb6 17. d5 Ne7 $19) 16... exd4 17. cxd4 {[%emt 0:01:16] [#]} c6 $146 ({Predecessor:} 17... e5 18. dxe5 Bxe3 19. Qxe3 dxe5 20. Red1 Qb5 21. b3 Rad8 22. Rac1 Rxd1+ 23. Rxd1 Rf7 {0-1 (68) Odor,I (1872)-Ter,M (2043) Hungary 2009}) 18. Rad1 Kh8 19. Ne5 dxe5 20. dxe5 Nd5 $1 21. Bxa7 Rxa7 22. exd5 cxd5 23. Rc1 Raa8 24. Qc2 Qf7 25. Qd2 $1 Rac8 26. Rxc8 Rxc8 27. Re3 Qf4 28. Ne2 Qg5 29. Kh2 (29. g3 $11 {was preferrable.}) 29... Nh4 $1 $15 {[%emt 0:08:40][%csl Gh4][%cal Rg5g2] [#]} 30. Ng3 Qf4 31. Re2 Qc4 (31... Ng6 $15) 32. b3 Qc1 33. Qd4 (33. Qb4 $5 Ng6 34. Qxb7 $11) 33... Ng6 34. Qg4 Nf4 35. Re3 Rf8 36. Rf3 $40 {[%emt 0:00:32][%mdl 128] White is up to no good.} d4 $2 (36... Rf7 $11) 37. Ne2 {[%emt 0:00:38][%cal Bg3e2,Be2f4,Bf4g6][%mdl 32] White is clearly winning.} Qc7 38. Nxf4 {[%emt 0:00:29] [#] Threatening mate with Ng6+.} Qxe5 39. g3 {[%emt 0:00:02] White threatens Ng6+ and mate.} Kh7 40. Ng6 {[%emt 0:00:39] Weighted Error Value: White=0.09 (flawless) /Black=0.11 (very precise)} 1-0